 Dungeon Crawl Stone Soup version 0.23-a0-398-g8eab93fbe2 (webtiles) character file.

33632 Notair the Severer (level 13, -10/127 HPs)
             Began as a Minotaur Gladiator on Nov 3, 2018.
             Was the Champion of Okawaru.
             Mangled by a skeletal warrior
             ... wielding a +0 halberd
              (14 damage)
             ... on level 14 of the Dungeon.
             The game lasted 01:04:21 (17057 turns).

Notair the Severer (Minotaur Gladiator)            Turns: 17057, Time: 01:04:21

Health: -10/127    AC: 21    Str: 26    XL:     13   Next: 37%
Magic:  15/16      EV: 12    Int:  5    God:    Okawaru [******]
Gold:   1016       SH:  3    Dex: 13    Spells: 12/12 levels left

rFire    . . .     SeeInvis +   Y - +1 battleaxe (flame)
rCold    + . .     Gourm    .   (shield currently unavailable)
rNeg     . . .     Faith    .   V - +0 plate armour
rPois    .         Spirit   .   c - +0 hat
rElec    .         Reflect  +   A - +0 cloak
rCorr    .         Harm     .   M - +0 pair of gloves {Str+3}
MR       .....                  (no boots)
Stlth    ..........             t - +3 amulet of reflection
HPRegen  0.31/turn              j - ring of protection from cold
MPRegen  0.15/turn              m - ring of see invisible

@: heroism
A: retaliatory headbutt, horns 2
a: Heroism, Finesse, Renounce Religion


You were on level 14 of the Dungeon.
You worshipped Okawaru.
Okawaru was exalted by your worship.
You were not hungry.

You visited 2 branches of the dungeon, and saw 15 of its levels.
You also visited: Ice Cave.

You collected 1016 gold pieces.

Inventory:

Hand Weapons
 a - a +2 war axe of electrocution
 d - a +0 blowgun
 e - a +0 hunting sling
 H - a +3 executioner's axe of electrocution
 Y - a +1 battleaxe of flaming (weapon)
Missiles
 r - 12 needles of frenzy
 s - 157 sling bullets
 u - 75 poisoned needles
 T - 3 throwing nets (quivered)
Armour
 b - a scarf of cloud immunity
 c - a +0 hat (worn)
 A - a +0 cloak (worn)
 M - a +0 pair of gloves of strength (worn)
 V - a +0 plate armour (worn)
Jewellery
 j - a ring of protection from cold (left hand)
 m - a ring of see invisible (right hand)
 t - a +3 amulet of reflection (around neck)
 W - an uncursed ring of protection from cold
Wands
 x - a wand of disintegration (21)
 S - a wand of enslavement (7)
 X - a wand of flame (21)
Scrolls
 k - 4 scrolls of teleportation
 l - a scroll of enchant armour {unknown}
 n - a scroll of torment {unknown}
 w - 2 scrolls of immolation
 y - 3 scrolls of amnesia
 z - 7 scrolls of remove curse
 D - 3 scrolls of magic mapping
 E - a scroll of silence
 J - a scroll of fog {unknown}
 L - 2 scrolls of enchant weapon
 N - a scroll of holy word {unknown}
 O - a scroll of vulnerability
 U - a scroll of random uselessness {unknown}
Potions
 g - 3 potions of lignification
 h - a potion of invisibility {unknown}
 i - 7 potions of mutation
 o - 5 potions of brilliance
 p - 5 potions of flight
 q - 3 potions of curing
 v - 6 potions of agility
 B - 3 potions of haste
 F - 4 potions of cancellation
 G - a potion of magic {unknown}
 I - a potion of might {unknown}
 Q - 2 potions of experience {unknown}
 R - 3 potions of resistance {unknown}
 Z - a potion of ambrosia {unknown}
Comestibles
 f - 24 rations


   Skills:
 + Level 15.5(20.5) Fighting
 + Level 16.0(21.0) Axes
 - Level 2.0(7.0) Throwing
 * Level 12.8(17.8) Armour
 - Level 3.2(8.2) Dodging
 + Level 6.1 Invocations


You had 12 spell levels left.
You didn't know any spells.
Your spell library contained the following spells:

 Spells                   Type           Power        Failure   Level  Hunger
 Infusion                 Chrm           #...         97%         1    ##.....
 Shroud of Golubria       Chrm/Tloc      #.........   99%         2    ###....
 Song of Slaying          Chrm           #.......     99%         2    ###....
 Regeneration             Chrm/Necr      #.........   100%        3    ####...
 Spectral Weapon          Hex/Chrm       #.......     100%        3    ####...


Dungeon Overview and Level Annotations

Branches:
Dungeon (14/15)            Temple (1/1) D:5            Lair (0/6) D:9
    Orc (0/2) D:9          Vaults (0/5) D:13

Altars:
Cheibriados
Dithmenos
Elyvilon
Kikubaaqudgha
Okawaru
Ru
Trog
Uskayaw
Zin

Annotations:
D:3 3 runed doors, bogue1979's ghost, amateur GrFi
D:7 2 transporters, Vakaro's ghost, novice SpEn


Innate Abilities, Weirdness & Mutations

You reflexively headbutt those who attack you in melee.
You have a pair of horns on your head.


Message History

The skeletal warrior hits you but does no damage.
The skeletal warrior hits you from afar with a +0 halberd!
* * * LOW HITPOINT WARNING * * *
You barely miss the skeletal warrior.
The skeletal warrior is moderately damaged.
The skeletal warrior hits you from afar with a +0 trident!
* * * LOW HITPOINT WARNING * * *
The skeletal warrior hits you but does no damage.
As you read the scroll of summoning, it crumbles to dust.
Wisps of shadow whirl around you...
The skeletal warrior hits you but does no damage.
The skeletal warrior closely misses you.
The skeletal warrior hits you with a +0 battleaxe.
* * * LOW HITPOINT WARNING * * *
The skeletal warrior hits your troll with a +0 battleaxe!!
Your ice beast hits the skeletal warrior but does no damage.
Your troll bites the skeletal warrior.
Your troll claws the skeletal warrior but does no damage. x2
The skeletal warrior hits you from afar with a +0 halberd!
You die...

#......######......#.......
.
+......#...........+....###
...####'###...........#....
........).............#....
.................###..#####
########...TY....# #.....
#...z.....# ######
#...z.....# #...z.@...#
#.........# #.........#
###########


You could see 3 skeletal warriors, a friendly troll and a friendly ice beast.

Vanquished Creatures
  A frost giant (IceCv)
  Harold (D:8)
  A hydra (D:11)
  2 two-headed ogres
  A tengu warrior (D:12)
  6 death yaks
  Nergalle (D:11)
  A skeletal warrior (D:14)
  An unseen horror (D:9)
  Pikel (D:4)
  A wolf spider zombie (D:13)
  An ugly thing (D:13)
  A cyclops (D:14)
  An ice statue (IceCv)
  A gargoyle (D:13)
  2 trolls
  3 meliai (D:13)
  15 polar bears (IceCv)
  Grinder (D:4)
  2 hippogriffs
  A shadow (D:11)
  2 wraiths (D:12)
  51 yaks
  3 hungry ghosts
  Eustachio (D:6)
  A soldier ant (D:11)
  A water moccasin (D:9)
  14 ice beasts
  4 sky beasts
  4 orc warriors
  A slave (D:4)
  2 ogres
  4 necrophages
  4 phantoms
  8 wolves (IceCv)
  5 centaurs
  A crocodile (D:13)
  4 big kobolds
  5 bullfrogs
  Blork the orc (D:4)
  An elf zombie (D:12)
  A wyvern skeleton (D:8)
  2 scorpions
  A water moccasin skeleton (D:8)
  11 killer bees
  4 wights
  3 electric eels (D:9)
  A vampire bat (D:7)
  7 crimson imps
  A lava snake (D:7)
  3 bullfrog zombies
  5 human zombies (D:12)
  9 hounds
  12 orc wizards
  3 centaur skeletons
  7 orc priests
  2 jellies
  3 bullfrog skeletons
  Terence (D:2)
  2 iguanas (D:6)
  Natasha (thrice) (D:3)
  4 worker ants
  A killer bee zombie (D:5)
  An ogre skeleton (D:12)
  A hound zombie (D:7)
  A hound skeleton (D:7)
  2 worker ant zombies
  12 gnolls
  14 adders
  7 shadow imps
  A worker ant simulacrum (D:11)
  An adder zombie (D:5)
  An adder skeleton (D:4)
  2 dart slugs
  4 leopard geckos
  55 orcs
  16 bats
  6 giant cockroaches
  11 hobgoblins
  9 jackals
  30 kobolds
  5 quokkas
  8 frilled lizards
  13 goblins
  10 rats
  A plant (D:10)
459 creatures vanquished.

Vanquished Creatures (others)
  An orc wizard (D:4)
  An orc (D:4)
2 creatures vanquished.

Grand Total: 461 creatures vanquished

Notes
Turn   | Place    | Note
-------+----------+-------------------------------------------
     0 | D:1      | Notair the Minotaur Gladiator began the quest for the Orb.
     0 | D:1      | Reached XP level 1. HP: 18/18 MP: 0/0
    60 | D:1      | Reached skill level 4 in Axes
    91 | D:1      | Reached XP level 2. HP: 24/25 MP: 1/1
   853 | D:2      | Reached XP level 3. HP: 29/31 MP: 2/2
  1024 | D:2      | Noticed Terence
  1037 | D:2      | Killed Terence
  1037 | D:2      | Reached skill level 5 in Axes
  1055 | D:2      | Reached XP level 4. HP: 36/39 MP: 3/3
  1415 | D:2      | Found a sacrificial altar of Ru.
  1416 | D:2      | Found a glowing silver altar of Zin.
  1655 | D:3      | Reached skill level 6 in Axes
  1655 | D:3      | Reached XP level 5. HP: 45/46 MP: 4/4
  1768 | D:3      | Found a runed gate.
  1768 | D:3      | Found a runed gate.
  1859 | D:3      | Found a runed gate.
  1870 | D:3      | Noticed bogue1979's ghost (amateur GrFi)
  1947 | D:3      | Noticed Natasha
  1954 | D:3      | Killed Natasha
  2450 | D:3      | Noticed Natasha
  2459 | D:3      | Killed Natasha
  2713 | D:3      | Noticed Natasha
  2716 | D:3      | Killed Natasha
  2716 | D:3      | Reached skill level 7 in Axes
  2716 | D:3      | Reached XP level 6. HP: 53/53 MP: 5/5
  3226 | D:4      | Noticed Blork the orc
  3234 | D:4      | Killed Blork the orc
  3234 | D:4      | Reached skill level 5 in Fighting
  3444 | D:4      | Reached skill level 8 in Axes
  3618 | D:4      | Reached XP level 7. HP: 60/61 MP: 6/6
  3676 | D:4      | Noticed Pikel
  3696 | D:4      | Killed Pikel
  3696 | D:4      | Reached skill level 9 in Axes
  3776 | D:4      | Reached XP level 8. HP: 19/71 MP: 7/7
  4020 | D:4      | Reached skill level 10 in Axes
  4226 | D:4      | Found an iron altar of Okawaru.
  4240 | D:4      | Became a worshipper of Warmaster Okawaru
  4292 | D:4      | Found a bloodstained altar of Trog.
  4292 | D:4      | Found a shadowy altar of Dithmenos.
  4358 | D:4      | Noticed Grinder
  4370 | D:4      | Paralysed by Grinder for 5 turns
  4375 | D:4      | Killed Grinder
  4759 | D:5      | Entered Level 5 of the Dungeon
  4800 | D:5      | Reached skill level 11 in Axes
  5175 | D:5      | Found a staircase to the Ecumenical Temple.
  5180 | Temple   | Entered the Ecumenical Temple
  5244 | D:5      | Found a snail-covered altar of Cheibriados.
  5252 | D:5      | Reached * piety under Okawaru
  5997 | D:6      | Noticed Eustachio
  6081 | D:6      | Killed Eustachio
  6081 | D:6      | Reached XP level 9. HP: 81/82 MP: 8/8
  6293 | D:6      | Reached skill level 12 in Axes
  6752 | D:6      | Found a bloodstained altar of Trog.
  7430 | D:7      | Reached ** piety under Okawaru
  7556 | D:7      | Noticed Vakaro's ghost (novice SpEn)
  7560 | D:7      | Found a transporter.
  7567 | D:7      | Found a transporter.
  7587 | D:7      | Reached skill level 13 in Axes
  8306 | D:8      | Noticed Harold
  8320 | D:8      | Killed Harold
  8320 | D:8      | Reached *** piety under Okawaru
  8320 | D:8      | Reached skill level 10 in Fighting
  8320 | D:8      | Reached skill level 14 in Axes
  8320 | D:8      | Reached XP level 10. HP: 68/93 MP: 9/9
  8458 | D:8      | Identified the cursed +1 war axe of Xofueph {flame, Int+4
                  | Stlth+} (You found it on level 8 of the Dungeon)
  8637 | D:9      | Noticed a death yak
  8637 | D:9      | Noticed a death yak
  8637 | D:9      | Noticed a death yak
  8653 | D:9      | Noticed a death yak
  8654 | D:9      | Noticed a death yak
  8656 | D:9      | Killed a death yak
  8661 | D:9      | Noticed a death yak
  9052 | D:8      | Killed a death yak
  9052 | D:8      | Reached **** piety under Okawaru
  9321 | D:8      | Killed a death yak
  9321 | D:8      | Received a gift from Okawaru
  9321 | D:8      | Reached skill level 15 in Axes
  9465 | D:8      | Killed a death yak
  9638 | D:8      | Killed a death yak
  9638 | D:8      | Reached ***** piety under Okawaru
  9931 | D:8      | Killed a death yak
  9931 | D:8      | Received a gift from Okawaru
  9931 | D:8      | Reached XP level 11. HP: 46/104 MP: 8/10
 10153 | D:9      | Reached skill level 16 in Axes
 10167 | D:9      | Found a staircase to the Orcish Mines.
 10517 | D:9      | Noticed an unseen horror
 10529 | D:9      | Killed an unseen horror
 10533 | D:9      | Found a transporter.
 10557 | D:9      | Found a transporter.
 10593 | D:9      | Received a gift from Okawaru
 10602 | D:9      | Noticed a two-headed ogre
 10635 | D:9      | Killed a two-headed ogre
 10760 | D:9      | Found a staircase to the Lair.
 10773 | D:9      | Reached skill level 1 in Armour
 10990 | D:9      | Reached skill level 1 in Invocations
 11089 | D:10     | Entered Level 10 of the Dungeon
 11167 | D:10     | Noticed a two-headed ogre
 11171 | D:10     | Killed a two-headed ogre
 11527 | D:10     | Reached ****** piety under Okawaru
 11868 | D:11     | Received a gift from Okawaru
 11887 | D:11     | Reached skill level 5 in Armour
 11906 | D:11     | Noticed Nergalle
 12298 | D:11     | Noticed a seven-headed hydra
 12307 | D:11     | Killed a four-headed hydra
 12340 | D:11     | Found a frozen archway.
 12355 | D:11     | Reached XP level 12. HP: 90/116 MP: 13/13
 12382 | IceCv    | Entered an ice cave
 12945 | IceCv    | Received a gift from Okawaru
 12974 | IceCv    | Reached skill level 5 in Invocations
 13454 | IceCv    | Noticed a frost giant
 13479 | IceCv    | Killed a frost giant
 13527 | IceCv    | Reached skill level 10 in Armour
 14178 | D:11     | Killed Nergalle
 14178 | D:11     | Received a gift from Okawaru
 14714 | D:12     | Reached skill level 15 in Fighting
 14930 | D:12     | Reached XP level 13. HP: 126/126 MP: 16/16
 14943 | D:12     | Found an ancient bone altar of Kikubaaqudgha.
 16181 | D:13     | Received a gift from Okawaru
 16224 | D:13     | Identified a scroll of acquirement
 16483 | D:13     | Found a gate to the Vaults.
 16493 | D:13     | HP: 5/127 [red ugly thing (20)]
 17055 | D:14     | HP: 3/127 [skeletal warrior/+0 battleaxe[a skeletal
                  | warrior] (4)]
 17057 | D:14     | Mangled by a skeletal warrior

Vault maps used:
D:1:      lightli_arrival_maybe_door_vault, minmay_split_cup_small
D:2:      gammafunk_temple_overflow_pools, uniq_terence
D:3:      ebering_ghost_rock_garden, minmay_misc_feat_encased, uniq_natasha
D:4:      gammafunk_temple_overflow_statue, first_ration, grunt_ministairs_5,
          minmay_misc_feat_nine_boxes, okawaru_altar_gauntlet_db, uniq_grinder,
          uniq_blork_the_orc, uniq_pikel
D:5:      temple_doors_e, basic_altar
D:6:      corexii_shantytown, trog_butcher_becter, uniq_eustachio
D:7:      gammafunk_ghost_smash, roderic_batcave, kennysheep_generic_room_9
D:8:      uniq_harold
D:9:      gammafunk_steamed_eel, dpeg_lair_monsters, hiddenorc2_lemuel
D:10:     blue_anna_alchemist
D:11:     serial_ice, serial_ice_g, serial_ice_o, serial_ice_m, serial_ice_e,
          portal_ice_cave_entry_ice_beasts, uniq_nergalle
D:12:     lemuel_mausoleum_altar_kikubaaqudgha
D:13:     lightli_vaults_fourway_checkpoint, special_room, minivault_13
D:14:     serial_bayou_shore_a
Temple:   regret_index_temple_mists
IceCv:    ice_cave_small_giant

Skill      XL: |  1  2  3  4  5  6  7  8  9 10 11 12 13 |
---------------+----------------------------------------+-----
Axes           | 4 5 6 7 8 9 11 14 15 16 | 16.0
Fighting       | 3 4 5 6 8 10 11 13 15 | 15.5
Armour         | 6 11 12 | 12.8
Invocations    | 3 6 |  6.1
Throwing       | |  2.0
Dodging        | |  3.2

Action                   |  1- 3 |  4- 6 |  7- 9 | 10-12 | 13-15 || total
-------------------------+-------+-------+-------+-------+-------++-------
Melee: War axe           |    32 |    89 |   337 |   264 |       ||   722
       Headbutt          |     2 |    12 |    61 |   126 |    32 ||   233
       Punch             |       |       |       |     2 |       ||     2
       Battleaxe         |       |       |       |   280 |   140 ||   420
 Fire: Hunting sling     |       |       |    16 |       |       ||    16
       Blowgun           |       |       |       |     2 |       ||     2
Throw: Stone             |    86 |     5 |       |       |       ||    91
       Throwing net      |     3 |     2 |     3 |       |       ||     8
       Javelin           |     5 |    31 |    15 |       |       ||    51
Invok: Heroism           |       |       |       |     8 |     3 ||    11
       Finesse           |       |       |       |     1 |       ||     1
Evoke: Wand              |       |       |       |     5 |       ||     5
  Use: Scroll            |     1 |     6 |     5 |     9 |     7 ||    28
       Potion            |       |       |       |       |     4 ||     4
 Stab: Distracted        |       |       |     1 |       |       ||     1
       Held in net/web   |       |       |     2 |       |       ||     2
  Eat: Chunk             |       |     8 |     9 |    17 |     4 ||    38
       Ration            |       |       |     2 |     2 |     1 ||     5
Armor: Leather armour    |    13 |     3 |       |       |       ||    16
       Chain mail        |       |    26 |   125 |     3 |       ||   154
       Plate armour      |       |       |       |   224 |    92 ||   316
Dodge: Dodged            |    32 |    49 |   161 |   221 |    65 ||   528
Block: Other             |       |       |       |       |    15 ||    15

Table legend:
 A = Non-vault XP
 B = Vault XP
 C = Vault XP percentage of total XP
 D = Non-vault monster count
 E = Vault monster count
 F = Vault count percentage of total count
                 A         B        C        D         E       F
            +---------+---------+-------+---------+---------+-------
      Total |   26052 |   21995 |  45.8 |     293 |     164 |  35.9
            +---------+---------+-------+---------+---------+-------
        D:1 |      23 |       8 |  25.8 |      17 |       3 |  15.0
        D:2 |      64 |      38 |  37.3 |      19 |       1 |   5.0
        D:3 |     215 |      35 |  14.0 |      23 |       1 |   4.2
        D:4 |     427 |    1158 |  73.1 |      19 |      12 |  38.7
        D:5 |     609 |       0 |   0.0 |      14 |       0 |   0.0
        D:6 |     387 |     537 |  58.1 |      17 |      36 |  67.9
        D:7 |     888 |      65 |   6.8 |      25 |       8 |  24.2
        D:8 |     590 |    5319 |  90.0 |      19 |       8 |  29.6
        D:9 |    3663 |    1383 |  27.4 |      31 |      33 |  51.6
       D:10 |    2472 |      97 |   3.8 |      15 |       1 |   6.2
       D:11 |    6664 |    2167 |  24.5 |      46 |      12 |  20.7
       D:12 |    2627 |    1030 |  28.2 |      15 |      12 |  44.4
       D:13 |    5759 |     536 |   8.5 |      30 |       1 |   3.2
       D:14 |    1664 |       0 |   0.0 |       3 |       0 |   0.0
      IceCv |       0 |    9622 | 100.0 |       0 |      36 | 100.0
            +---------+---------+-------+---------+---------+-------
